 Dungeon Crawl Stone Soup version 0.19.1 (webtiles) character file.

7930 Dfrag the Thaumaturge (level 11, -2/81 HPs)
             Began as a Naga Conjurer on Nov 30, 2016.
             Was an Elder of Makhleb.
             Killed from afar by an electric eel (15 damage)
             ... with a bolt of electricity
             ... on level 9 of the Dungeon.
             The game lasted 00:29:09 (10482 turns).

Dfrag the Thaumaturge (Naga Conjurer)              Turns: 10482, Time: 00:29:09

Health: -2/81      AC: 13    Str: 12    XL:     11   Next: 22%
Magic:  22/27      EV:  8    Int: 18    God:    Makhleb [****..]
Gold:   520        SH:  0    Dex: 11    Spells: 3 memorised, 27 levels left

rFire  . . .     SeeInvis +     D - +4 short sword (freeze)
rCold  . . .     Gourm    .     a - +0 robe
rNeg   . . .     Faith    .     (no shield)
rPois  +         Spirit   .     w - +2 hat
rElec  .         Reflect  .     B - +1 cloak
rCorr  +         Harm     .     M - +0 pair of gloves
MR     ++...                    f - +0 naga barding
Stlth  ++........               (no amulet)
                                m - ring of protection from magic
                                k - ring of resist corrosion

@: about to teleport, very slow
A: see invisible, deformed body, poison resistance, slowness 2, slow metabolism
1, spit poison 1, AC +3
a: Spit Poison, Minor Destruction, Lesser Servant of Makhleb, Major Destruction,
Renounce Religion


You were on level 9 of the Dungeon.
You worshipped Makhleb.
Makhleb was greatly pleased with you.
You were not hungry.

You visited 2 branches of the dungeon, and saw 10 of its levels.

You collected 701 gold pieces.
You spent 181 gold pieces at shops.

Inventory:

Hand Weapons
 D - a +4 short sword of freezing (weapon)
 I - the +7 flail of Dishonour {drain, *Rage rC+ rN++ Dex+4}
   (You found it on level 5 of the Dungeon)

   A truly terrible weapon, it drains the life of those it strikes.
   It affects your dexterity (+4).
   It protects you from cold.
   It greatly protects you from negative energy.
   It may make you go berserk in combat.
 J - a +1 hand axe of venom
Armour
 a - a +0 robe (worn)
 e - the +4 shield of the Bells {rF+ Int+4 Stlth+, unknown}
   (You found it on level 4 of the Dungeon)

   It affects your intelligence (+4).
   It protects you from fire.
   It makes you more stealthy.
 f - a +0 naga barding (worn)
 w - a +2 hat (worn)
 B - a +1 cloak (worn)
 M - a +0 pair of gloves (worn)
Jewellery
 k - a ring of resist corrosion (left hand)
 m - a ring of protection from magic (right hand)
 L - the ring "Luemnebo" {rC+ rN+ MR+ Int-3 Slay+4}
   (You found it on level 5 of the Dungeon)

   [ring of positive energy]

   It affects your intelligence (-3).
   It affects your accuracy and damage with ranged weapons and melee attacks
   (+4).
   It protects you from cold.
   It protects you from negative energy.
   It affects your resistance to hostile enchantments.
Wands
 n - a wand of lightning (0/15)
 x - a wand of polymorph (12/24)
 C - a wand of teleportation (2/9)
 F - a wand of iceblast (5/15)
 X - a wand of iceblast (12/15)
Scrolls
 h - a scroll of fear
 j - a scroll of noise
 l - 3 scrolls of amnesia
 p - 4 scrolls of magic mapping
 s - a scroll of teleportation
 t - 2 scrolls of blinking
 u - 6 scrolls of random uselessness
 y - a scroll of enchant armour
 z - 2 scrolls of fog
 E - a scroll of brand weapon
 G - a scroll of immolation {unknown}
 N - a scroll of torment
Potions
 d - 2 potions of lignification {unknown}
 g - 6 potions of agility {unknown}
 o - 6 potions of curing {unknown}
 q - 3 potions of ambrosia {unknown}
 r - 3 potions of cure mutation {unknown}
 v - 3 potions of mutation {unknown}
 A - 3 potions of brilliance {unknown}
 P - a potion of degeneration {unknown}
 Q - 2 potions of magic {unknown}
 V - a potion of cancellation {unknown}
 W - a potion of haste {unknown}
Books
 b - a book of Conjurations

   Spells                             Type                      Level
   a - Magic Dart                     Conjuration                  1
   b - Searing Ray                    Conjuration                  2
   c - Dazzling Spray                 Conjuration/Hexes            3
   d - Fulminant Prism                Conjuration/Hexes            4
   e - Iskenderun's Mystic Blast      Conjuration                  4
   f - Iskenderun's Battlesphere      Conjuration/Charms           5
 K - a book of Alchemy

   Spells                             Type                      Level
   a - Sublimation of Blood           Necromancy                   2
   b - Ignite Poison                  Fire/Transmutation/Poison    3
   c - Petrify                        Transmutation/Earth          4
   d - Alistair's Intoxication        Transmutation/Poison         5
   e - Irradiate                      Conjuration/Transmutation    5
 O - a book of Misfortune

   Spells                             Type                      Level
   a - Confusing Touch                Hexes                        1
   b - Confuse                        Hexes                        3
   c - Gell's Gravitas                Hexes/Translocation          3
   d - Petrify                        Transmutation/Earth          4
   e - Metabolic Englaciation         Hexes/Ice                    5
   f - Yara's Violent Unravelling     Hexes/Transmutation          5
 R - a book of Callings

   Spells                             Type                      Level
   a - Summon Small Mammal            Summoning                    1
   b - Call Imp                       Summoning                    2
   c - Call Canine Familiar           Summoning                    3
   d - Summon Guardian Golem          Hexes/Summoning              3
   e - Summon Lightning Spire         Summoning/Air                4
   f - Summon Ice Beast               Ice/Summoning                4
Comestibles
 c - 7 bread rations
 i - 5 meat rations
 H - 4 beef jerkies
 S - 8 slices of pizza
 T - a royal jelly
 U - 6 chunks of flesh


   Skills:
 - Level 1.5 Dodging
 - Level 3.0 Stealth
 * Level 12.5 Spellcasting
 + Level 10.7 Conjurations


You had 27 spell levels left.
You knew the following spells:

 Your Spells              Type           Power        Failure   Level  Hunger
a - Magic Dart            Conj           ####         1%          1    None
b - Searing Ray           Conj           #####.       1%          2    None
c - Iskenderun's Battles  Conj/Chrm      ####....     21%         5    ####...


Dungeon Overview and Level Annotations

Branches:
Dungeon (9/15)             Temple (1/1) D:6             Orc (0/2) D:9
   Lair: D:8-11

Altars:
Ashenzari
Cheibriados
Dithmenos
Elyvilon
Fedhas
Gozag
Hepliaklqana
Kikubaaqudgha
Makhleb
Nemelex Xobeh
Okawaru
Qazlal
Ru
Sif Muna
Trog
Uskayaw
Vehumet
Xom
Yredelemnul
Zin
The Shining One

Shops:
D:8 *!*[(

Annotations:
D:3 exclusion: oklob plant


Innate Abilities, Weirdness & Mutations

You cannot wear boots.
Your serpentine skin is tough. (AC +3)
You have supernaturally acute eyesight. (SInv)
Armour fits poorly on your strangely shaped body.
Your system is resistant to poisons. (rPois)
You cover ground very slowly.
You have a slow metabolism.
You can spit poison.


Message History

You conjure a globe of magical energy.
The electric eel shoots out a bolt of lightning at you!
The bolt of electricity hits the electric eel.
The electric eel completely resists.
The bolt of electricity hits you!
The electric eel shoots out a bolt of lightning at you!
The bolt of electricity hits the plant.
The bolt of electricity hits you!
The electric eel shoots out a bolt of lightning at you!
The bolt of electricity hits the plant.
The bolt of electricity hits you! x2
The electric eel shoots out a bolt of lightning at you!
The bolt of electricity hits the electric eel.
The electric eel completely resists.
The bolt of electricity hits the plant.
The bolt of electricity hits you!
* * * LOW HITPOINT WARNING * * *
As you read the scroll of teleportation, it crumbles to dust.
You feel strangely unstable.
The electric eel shoots out a bolt of lightning at you!
The bolt of electricity hits the plant.
The bolt of electricity hits you!
* * * LOW HITPOINT WARNING * * *
The bolt of electricity hits you!
You die...

)..#####..............# #...#
(....(...##########...######...#
###.....##≈≈≈≈....##...........#
..#....##.########≈##..........#
..#....#.##≈.≈...##≈#..........##
..#....#.#≈≈)P≈...#≈#..####'#....
..#....#.#≈%$P....#.#..#.^..#....
###....#≈#;;.≈...*#.#..#....#....
.....<##≈##;.≈P.@#..#..#....#....
.....##≈##########÷##..######....
.....#≈##≈(=P. #≈≈#.............
.....#≈#≈≈[.P. #≈##.######..####
.....#.#;.≈P.. #≈#..# #..#
.....#.#;≈.P.. #.#..# #..#
.....#'##≈≈!≈. ..#..# #..#
........########.##..# #..#
..........)....###...# #..#


You could see 3 electric eels and a friendly battlesphere.

Vanquished Creatures
  The ghost of Sin92 the Slasher, a novice MiFi of Hepliaklqana (D:5)
  A komodo dragon (D:9)
  A troll (D:9)
  2 two-headed ogres (D:8)
  2 hippogriffs
  Sigmund (D:3)
  3 hogs (D:8)
  2 hungry ghosts
  A human (D:8)
  A yak (D:8)
  Grum (D:8)
  Eustachio (D:5)
  A steam dragon (D:6)
  A water moccasin (D:7)
  An orc warrior (D:9)
  An eye of draining (D:7)
  A black bear (D:9)
  2 phantoms
  5 ogres
  4 wolves (D:8)
  3 centaurs
  A gnoll sergeant (D:5)
  2 bullfrogs
  6 scorpions
  12 wights
  11 killer bees
  A jelly (D:9)
  2 electric eels (D:7)
  4 howler monkeys (D:8)
  6 crimson imps
  6 orc priests
  2 hounds
  A centaur skeleton (D:8)
  3 bullfrog skeletons
  3 gnoll shamans (D:6)
  3 iguanas
  4 orc wizards
  6 worker ants
  A hound skeleton (D:9)
  A worker ant zombie (D:7)
  A howler monkey zombie (D:5)
  12 adders
  37 gnolls
  2 shadow imps
  An ooze (D:3)
  An adder zombie (D:6)
  2 adder skeletons
  3 worms
  5 leopard geckos
  46 orcs
  A ball python (D:4)
  9 giant cockroaches
  5 goblins
  5 hobgoblins
  27 jackals
  9 kobolds
  5 quokkas
  5 bats
  3 frilled lizards
  A leopard gecko skeleton (D:9)
  A quokka skeleton (D:7)
  4 rats
296 creatures vanquished.

Notes
Turn   | Place    | Note
-------+----------+-------------------------------------------
     0 | D:1      | Dfrag the Naga Conjurer began the quest for the Orb.
     0 | D:1      | Reached XP level 1. HP: 15/15 MP: 3/3
   161 | D:1      | Reached XP level 2. HP: 11/22 MP: 1/5
   165 | D:1      | Learned a level 2 spell: Searing Ray
   549 | D:1      | You fall through a shaft!
   756 | D:1      | Reached skill level 3 in Spellcasting
   756 | D:1      | Reached XP level 3. HP: 20/28 MP: 1/7
  1490 | D:3      | Found a blossoming altar of Fedhas.
  1511 | D:3      | Noticed an oklob plant
  1635 | D:3      | Reached XP level 4. HP: 23/36 MP: 1/9
  1967 | D:3      | Noticed Sigmund
  1973 | D:3      | Killed Sigmund
  1973 | D:3      | Reached skill level 4 in Spellcasting
  1973 | D:3      | Reached skill level 5 in Conjurations
  1973 | D:3      | Reached XP level 5. HP: 39/42 MP: 2/12
  1973 | D:3      | Reached XP level 6. HP: 46/49 MP: 2/13
  2633 | D:4      | Got a scorched chain mail
  2644 | D:4      | Identified the cursed +0 chain mail "Popn" {MR+ Str+2 Int-4} (You found it on level 4 of the Dungeon)
  2888 | D:4      | Got a transparent shield
  3016 | D:5      | Entered Level 5 of the Dungeon
  3023 | D:5      | Noticed Sin92's ghost (novice MiFi)
  3032 | D:6      | Noticed an orc warrior
  3080 | D:5      | Reached skill level 5 in Spellcasting
  3303 | D:5      | Found a sparkling altar of Nemelex Xobeh.
  3305 | D:5      | You fall through a shaft for 3 floors!
  3309 | D:8      | Found Xajygg's General Store.
  3317 | D:8      | Bought a scroll of identify for 22 gold pieces
  3329 | D:8      | Reached XP level 7. HP: 44/55 MP: 0/15
  3545 | D:8      | Found Meficirgh's Distillery.
  3752 | D:7      | Reached skill level 6 in Spellcasting
  4161 | D:7      | Reached XP level 8. HP: 62/62 MP: 14/18
  4194 | D:7      | Reached skill level 7 in Spellcasting
  4326 | D:7      | Noticed a hippogriff
  4573 | D:7      | Reached skill level 8 in Spellcasting
  4856 | D:7      | Killed a hippogriff
  4856 | D:7      | Reached XP level 9. HP: 39/68 MP: 12/21
  5025 | D:6      | Reached skill level 9 in Spellcasting
  5253 | D:6      | Found a staircase to the Ecumenical Temple.
  5263 | Temple   | Entered the Ecumenical Temple
  5298 | Temple   | Became a worshipper of Makhleb the Destroyer
  5922 | D:6      | Reached * piety under Makhleb
  6538 | D:6      | Reached ** piety under Makhleb
  6702 | D:5      | Reached skill level 10 in Spellcasting
  6799 | D:5      | Got a crude iron ring
  6805 | D:5      | Noticed Eustachio
  6815 | D:5      | Killed Eustachio
  7143 | D:5      | Learned a level 5 spell: Iskenderun's Battlesphere
  7185 | D:5      | Identified the ring "Luemnebo" {rC+ rN+ MR+ Int-3 Slay+4} (You found it on level 5 of the Dungeon)
  7338 | D:5      | Got a fine flail
  7339 | D:5      | Identified the +7 flail of Dishonour {drain, *Rage rC+ rN++ Dex+4} (You found it on level 5 of the Dungeon)
  7596 | D:5      | Reached XP level 10. HP: 75/75 MP: 8/24
  7850 | D:5      | Killed Sin92's ghost
  8341 | D:8      | Found Yriockycots's Weapon Shoppe.
  8343 | D:8      | Noticed Grum
  8348 | D:8      | Killed Grum
  8516 | D:8      | Reached skill level 11 in Spellcasting
  8805 | D:8      | Reached *** piety under Makhleb
  9086 | D:8      | Reached skill level 10 in Conjurations
  9093 | D:8      | Found Pefoh's Assorted Antiques.
  9097 | D:8      | Bought a scroll labeled BOTSIU EJUGI for 28 gold pieces
  9097 | D:8      | Bought a scroll of identify for 56 gold pieces
  9097 | D:8      | Bought 2 silvery potions for 50 gold pieces
  9097 | D:8      | Bought a sapphire potion for 25 gold pieces
  9207 | D:8      | Reached skill level 12 in Spellcasting
  9334 | D:8      | Found Gyergh's Armour Boutique.
  9635 | D:9      | Reached XP level 11. HP: 81/81 MP: 18/27
  9810 | D:9      | Reached **** piety under Makhleb
 10154 | D:9      | Found a staircase to the Orcish Mines.
 10249 | D:9      | Found Ginetuebb's Distillery.
 10482 | D:9      | Killed from afar by an electric eel

Skill      XL: |  1  2  3  4  5  6  7  8  9 10 |
---------------+-------------------------------+-----
Spellcasting   | 3 4 5 6 8 10 12 | 12.5
Conjurations   | 5 6 7 9 10 | 10.7
Dodging        | |  1.5
Stealth        | |  3.0

Action                   |  1- 3 |  4- 6 |  7- 9 | 10-12 || total
-------------------------+-------+-------+-------+-------++-------
Melee: Unarmed           |    49 |    32 |     4 |       ||    85
       Short sword       |       |       |     6 |    39 ||    45
       Hand axe          |       |       |    37 |       ||    37
       Flail             |       |       |       |     7 ||     7
 Cast: Magic Dart        |    54 |    25 |    80 |    53 ||   212
       Searing Ray       |     1 |    16 |    83 |    74 ||   174
       Iskenderun's Batt |       |       |       |     5 ||     5
 Abil: Spit Poison       |    30 |    23 |    23 |    11 ||    87
Evoke: Wand              |       |       |     6 |     1 ||     7
  Use: Scroll            |       |     8 |     2 |     5 ||    15
  Eat: Chunk             |     4 |     6 |    11 |    11 ||    32
       Royal jelly       |       |       |     1 |       ||     1
Armor: Robe              |    47 |    12 |   105 |   123 ||   287
       Chain mail        |       |    50 |       |       ||    50
Dodge: Dodged            |    52 |    13 |   105 |    86 ||   256
